 Dungeon Sprint DCSS version 0.31-a0-963-ga325b2283a (webtiles) character file.

Game seed: 4451046231046651427

6 rocky1 the Ruffian (level 1, 0/12 HPs)
             Began as a Tengu Shapeshifter on Oct 25, 2023.
             Was an Initiate of Gozag.
             Slain by a jackal (3 damage)
             ... in the Dungeon (Sprint VII: "The Pits").
             The game lasted 00:00:22 (84 turns).

rocky1 the Ruffian (Tengu Shapeshifter)               Turns: 84, Time: 00:00:22

Health: 0/12       AC:  2    Str: 14    XL:     1   Next: 90%
Magic:  2/2        EV: 12    Int: 10    God:    Gozag
Gold:   126        SH:  0    Dex: 13    Spells: 0/0 levels left

rFire   . .          .
                       - Unarmed
rCold   . . .        (no shield)
rNeg    . . .        a - +0 animal skin
rPois   .            (helmet currently unavailable)
rElec   .            (cloak currently unavailable)
rCorr   .            (gloves currently unavailable)
SInv    .            (boots unavailable)
Will    .....        (no amulet)
Stlth   +            (no ring)
HPRegen 0.22/turn    (no ring)
MPRegen 0.08/turn

%: no teleportation, acrobat
@: beast-form, gold aura
A: beast (slay +1), beak, talons 3, acrobatic
a: Begin Untransformation, Renounce Religion, Potion Petition, Call Merchant,
Bribe Branch


You were in the Dungeon.
You worshipped Gozag.
Gozag was aware of your devotion.
You were a hulking beast.
You visited 1 branch You collected 126 gold pieces.

Inventory:

Armour
 a - a +0 animal skin (worn)
Talismans
 c - a beast talisman
 d - a flux talisman
Scrolls
 j - a scroll of blinking
 l - 2 scrolls of vulnerability
 m - 5 scrolls of amnesia
 n - a scroll of summoning
Potions
 b - a potion of lignification
 e - a potion of curing
 f - a potion of heal wounds
 g - a potion of haste
 h - 4 potions of magic
 i - 3 potions of berserk rage
 k - 2 potions of invisibility


   Skills:
 + Level 1.8 Fighting
 + Level 2.8 Dodging
 * Level 4.1 Unarmed Combat
 + Level 3.0 Shapeshifting


You couldn't memorise any spells.
You didn't know any spells.
Your spell library was empty.

Dungeon Overview and Level Annotations

Branches:
Dungeon (1/1)

Altars:
Ashenzari
Cheibriados
Dithmenos
Elyvilon
Fedhas
Gozag
Hepliaklqana
Kikubaaqudgha
Makhleb
Nemelex Xobeh
Okawaru
Qazlal
Ru
Sif Muna
Trog
Uskayaw
Vehumet
Wu Jian
Xom
Yredelemnul
Zin
The Shining One
Jiyva
Lugonu


Innate Abilities, Weirdness & Mutations

You are a hulking beast.
Your limbs bulge with bestial killing power. (Slay +1)
You have a beak for a mouth.
You have claws for feet.
You can magically evade attacks while moving or waiting.


Message History

The jackal bites you. x2
* * * LOW HITPOINT WARNING * * *
You are too injured to fight recklessly!
You are too injured to fight recklessly!
You are too injured to fight recklessly!
You are too injured to fight recklessly!
You are too injured to fight recklessly!
You are too injured to fight recklessly!
You are too injured to fight recklessly!
You are too injured to fight recklessly!
You are too injured to fight recklessly!
You are too injured to fight recklessly!
You are too injured to fight recklessly!
You are too injured to fight recklessly!
You are too injured to fight recklessly!
You are too injured to fight recklessly!
Unknown command.
You completely miss the jackal. Your peck misses the jackal.
The jackal misses you. The jackal bites you.
* * * LOW HITPOINT WARNING * * *
You closely miss the jackal. You claw the jackal, but do no damage.
You peck the jackal.
You kill the jackal!
The jackal barely misses you.
Your Unarmed Combat skill increases to level 4!
Unknown command.
You punch the jackal!
You kill the jackal!
The jackal barely misses you.
The jackal is distracted by your dazzling golden aura.
Your Shapeshifting skill increases to level 3!
The jackal misses you.
The jackal barks!
There is an open door here.
You see here 45 gold pieces.
You hit the jackal but do no damage.
The jackal is no longer distracted by gold.
The jackal misses you. The jackal bites you.
You die...
Your body crumbles into a pile of gold.

#_______...###########+
##########'##..........
#..(.')))'.##......#..#
##########.##..........
#........†..'..........
#+#####'#####......#..#
#...#.# #..........
#...#h# ####'#####+
#..hh.# #.......#
##+#### #.......#
#.......# #...<...#
#.......# #.......#
#.......# #########


You could see 2 jackals.

Vanquished Creatures
  A hobgoblin (D)
  2 jackals (D)
  A bat (D)
  A frilled lizard (D)
  A quokka skeleton (D)
6 creatures vanquished.

Notes
Turn   | Place    | Note
-------+----------+-------------------------------------------
     0 | D        | rocky1 the Tengu Shapeshifter began the quest for the Orb.
     0 | D        | Reached XP level 1. HP: 12/12 MP: 2/2
    42 | D        | Found a bloodstained altar of Trog.
    42 | D        | Found a shimmering blue altar of Sif Muna.
    42 | D        | Found a viscous altar of Jiyva.
    42 | D        | Found a hazy altar of Hepliaklqana.
    42 | D        | Found an opulent altar of Gozag.
    43 | D        | Found a glowing golden altar of the Shining One.
    43 | D        | Found a glowing silver altar of Zin.
    43 | D        | Found a basalt altar of Yredelemnul.
    43 | D        | Found a shimmering altar of Xom.
    43 | D        | Found an ornate altar of the Wu Jian Council.
    43 | D        | Found a sacrificial altar of Ru.
    43 | D        | Found a stormy altar of Qazlal.
    43 | D        | Found an iron altar of Okawaru.
    43 | D        | Found a sparkling altar of Nemelex Xobeh.
    43 | D        | Found a burning altar of Makhleb.
    43 | D        | Found a blossoming altar of Fedhas.
    43 | D        | Found a white marble altar of Elyvilon.
    43 | D        | Found a shadowy altar of Dithmenos.
    43 | D        | Found a snail-covered altar of Cheibriados.
    45 | D        | Found a radiant altar of Vehumet.
    45 | D        | Found a corrupted altar of Lugonu.
    46 | D        | Found a hide-covered altar of Uskayaw.
    46 | D        | Found an ancient bone altar of Kikubaaqudgha.
    46 | D        | Found a broken altar of Ashenzari.
    50 | D        | Became a worshipper of Gozag Ym Sagoz the Greedy
    82 | D        | Reached skill level 4 in Unarmed Combat
    84 | D        | Slain by a jackal

Illustrated notes

Levels and vault maps discovered:
D:        pitsprint [storerooms_1, entrance_room_1, metal_vault_7, armoury_2,
          mini_pit_1, grid_room_1, main_hall_1, silver_pit, the_coven_1,
          the_vestibule_1, steel_vault_4, golden_pit, hallway_of_sentries,
          crystal_vault_4, iron_vault_4, final_vault]

Skill      XL: |  1 |
---------------+----+-----
Unarmed Combat | 4 |  4.1
Shapeshifting  | 3 |  3.0
Fighting       | |  1.8
Dodging        | |  2.8

Action                     || total
---------------------------++-------
  Melee: Unarmed           ||    16
         Kick              ||     3
         Peck              ||     3
 Armour: Animal skin       ||     9
  Dodge: Dodged            ||    12

Table legend: (Time is in decaauts)
 A = Elapsed time spent in this place.
 B = Non-inter-level travel time spent in this place.
 C = Inter-level travel time spent in this place.
 D = Time resting spent in this place.
 E = Time spent auto-exploring this place.
 F = Levels seen in this place.
 G = Mean time per level.
                   A        B        C        D        E       F      G
               +--------+--------+--------+--------+--------+-----+--------+
         Total |     82 |     82 |      0 |      0 |      0 |   1 |   82.0 |
       Dungeon |     82 |     82 |      0 |      0 |      0 |   1 |   82.0 |
               +--------+--------+--------+--------+--------+-----+--------+

Top non-repeatable levels by time:
       D: 82 daAuts
